 Dungeon Crawl Stone Soup version 0.28.0-62-gf88900778d (webtiles) character file.

Game seed: 3947528582427828811

9671 jjjjhere the Severer (level 11, -4/110 HPs)
             Began as a Minotaur Berserker on July 14, 2023.
             Was a Priest of Trog.
             Slain by an ettin
             ... wielding a +0 dire flail
              (21 damage)
             ... on level 9 of the Dungeon on July 16, 2023.
             The game lasted 00:13:36 (12959 turns).

jjjjhere the Severer (Minotaur Berserker)          Turns: 12959, Time: 00:13:37

Health: -4/110     AC: 10    Str: 26    XL:     11   Next: 26%
Magic:  10/10      EV: 11    Int:  4    God:    Trog [***...]
Gold:   674        SH:  0    Dex: 14    Spells: 10/10 levels left

rFire   + . .      SeeInvis +   n - +0 war axe
rCold   + + +      Faith    +   (no shield)
rNeg    + + +      Spirit   .   l - +1 ring mail {rF+}
rPois   .          Reflect  .   (helmet restricted)
rElec   .          Harm     .   r - +0 cloak
rCorr   .          Rampage  .   j - +2 pair of gloves
Will    .....                   (no boots)
Stlth   +.........              d - amulet "Joew" {Faith rC+++ rN+++ Dex-2}
HPRegen 0.28/turn               y - ring of see invisible
MPRegen 0.12/turn               s - +6 ring of dexterity

@: on berserk cooldown, slowed, studying Long Blades, very slow
A: horns 2, retaliatory headbutt
a: Renounce Religion, Berserk, Trog's Hand


You were on level 9 of the Dungeon.
You worshipped Trog.
Trog was most pleased with you.
You visited 1 branch of the dungeon, and saw 9 of its levels.

You collected 674 gold pieces.

Inventory:

Hand Weapons
 a - a +5 whip
 n - a +0 war axe (weapon)
 q - a +2 flail of protection
 D - a +1 battleaxe
Missiles
 v - 5 boomerangs (quivered)
 C - 2 javelins
Armour
 j - a +2 pair of gloves (worn)
 l - a +1 ring mail of fire resistance (worn)
 r - a +0 cloak (worn)
Jewellery
 d - the amulet "Joew" (around neck) {Faith rC+++ rN+++ Dex-2}
   (You acquired it on level 7 of the Dungeon)

   [amulet of faith]

   It allows you to gain divine favour quickly.
   Dex:       It affects your dexterity (-2).
   rC:        It renders you almost immune to cold.
   rN:        It renders you almost immune to negative energy.
 s - a +6 ring of dexterity (right hand)
 y - a ring of see invisible (left hand)
 E - a +6 ring of intelligence
Wands
 g - a wand of acid (2)
Scrolls
 b - a scroll of magic mapping
 e - 3 scrolls of teleportation
 h - a scroll of amnesia {unknown}
 o - a scroll of blinking {unknown}
 w - a scroll of identify
 z - a scroll of enchant armour {unknown}
 B - a scroll of silence {unknown}
Potions
 c - a potion of magic
 f - 4 potions of degeneration
 i - a potion of cancellation
 k - a potion of berserk rage
 m - 3 potions of attraction
 p - a potion of brilliance
 t - a potion of haste {unknown}
 A - a potion of mutation {unknown}


   Skills:
 + Level 14.2 Fighting
 - Level 16.0 Axes
 - Level 2.4 Armour
 - Level 2.1 Dodging


You had 10 spell levels left.
You didn't know any spells.
Your spell library was empty.

Dungeon Overview and Level Annotations

Branches:
Dungeon (9/15)             Temple (0/1) D:7
   Lair: D:8-11         Orc: D:9-12

Altars:
Dithmenos
Fedhas
Gozag
Makhleb
Trog
Vehumet
Wu Jian
Yredelemnul
Beogh

Shops:
D:3 (   D:7 :

Annotations:
D:4 2 transporters, Zanecoolhand's ghost, amateur GnWn


Innate Abilities, Weirdness & Mutations

You have a pair of horns on your head.
You reflexively headbutt those who attack you in melee.


Message History

You feel sick. The hornet stings you!
* * * LOW HITPOINT WARNING * * *
You are more poisoned.
You feel as though you will be slow longer.
The hornet stings you!
* * * LOW HITPOINT WARNING * * *
You suddenly lose the ability to move!
You can move again.
You feel better.
The hornet stings you but does no damage. x2
A red film seems to cover your vision as you go berserk!
You feel yourself moving faster!
You feel mighty! The hornet barely misses you. The hornet stings you!
* * * LOW HITPOINT WARNING * * *
You feel as though you will be slow longer.
You slice the hornet!!
You kill the hornet!
Trog accepts your kill.
You feel a strong urge to attack something.
You start resting.
You feel your anger nearly subside.
You feel yourself speed up.
You are no longer berserk.
You are exhausted.
You feel yourself slow down.
You feel the effects of Trog's Hand fading.
You start resting.
Your skin stops crawling.
You feel less strong-willed.
An ettin comes into view. It is wielding two +0 dire flails.
You start resting.
An ettin is nearby!
The ettin shouts in stereo!
Throw: throwing net
Press: ? - help, Q - select action, (/) - cycle Shift-Dir - straight line, f - ettin
Aim: an ettin, wielding two +0 dire flails (85% to hit, immune to nets)
You throw a throwing net. The throwing net hits the ettin.
The ettin is too large for the net to hold!
The ettin hits you with a +0 dire flail!
* * * LOW HITPOINT WARNING * * *
The ettin hits you with a +0 dire flail!!
You die...

.....#..#[.#
.......†)..#
.[.#####.#.#
#.#.##... ###C.....#
#.....#### #.###.....
#.##########
#..C@......# #.#####
########.###
#.#...#### #.#
#.#......##########(#
#.#...##....yyy..##.#
#.##.#########y####.#
#. #.# ..# #.# ###
#.##.# †.# #.# #..
#....#


yy# #.# #.# You could see an ettin.

Vanquished Creatures
  Harold (D:7)
  A two-headed ogre (D:8)
  A skeletal warrior (D:8)
  A gargoyle (D:8)
  Maggie (D:7)
  Psyche (D:9)
  A komodo dragon (shapeshifter) (D:8)
  A tengu conjurer (D:9)
  A troll (D:9)
  2 hornets
  2 polar bears (D:8)
  A yak (D:9)
  A vampire (D:9)
  A vampire mosquito (D:8)
  An acid dragon (D:8)
  2 water moccasins (D:7)
  3 ice beasts (D:8)
  6 orc warriors
  5 ogres
  8 centaurs
  A phantom (D:5)
  Blork the orc (D:6)
  A kobold brigand (D:9)
  2 bullfrogs
  6 scorpions
  A water moccasin zombie (D:5)
  20 killer bees
  An electric eel (D:8)
  3 wights (D:8)
  4 howler monkeys
  A centaur zombie (D:5)
  A crimson imp (D:4)
  A hound (D:6)
  3 jellies
  2 centaur skeletons
  2 gnoll shamans
  2 orc priests
  A bullfrog skeleton (D:5)
  7 iguanas
  3 orc wizards
  2 centaur simulacra (D:8)
  A hound zombie (D:5)
  2 killer bee simulacra (D:8)
  7 gnolls
  7 adders
  A shadow imp (D:7)
  7 white imps
  3 ufetubi (D:8)
  A worm (D:2)
  4 dart slugs
  37 orcs
  5 ball pythons
  3 bats
  5 endoplasms
  4 giant cockroaches
  12 goblins
  7 hobgoblins
  6 kobolds
  A quokka (D:1)
  2 frilled lizards
  3 rats
224 creatures vanquished.

Vanquished Creatures (others)
  A white imp (D:8)
1 creature vanquished.

Grand Total: 225 creatures vanquished

Notes
Turn   | Place    | Note
-------+----------+-------------------------------------------
     0 | D:1      | jjjjhere the Minotaur Berserker began the quest for the
                  | Orb.
     0 | D:1      | Reached XP level 1. HP: 19/19 MP: 0/0
    93 | D:1      | Reached skill level 4 in Axes
   144 | D:1      | Reached XP level 2. HP: 27/27 MP: 1/1
   197 | D:1      | Found a faded altar of an unknown god.
  1024 | D:2      | Reached XP level 3. HP: 32/33 MP: 2/2
  1070 | D:2      | Reached skill level 5 in Axes
  1327 | D:2      | Reached ** piety under Trog
  2064 | D:3      | Reached XP level 4. HP: 39/41 MP: 3/3
  2250 | D:3      | Found Evair's Weapon Emporium.
  2508 | D:3      | Reached skill level 6 in Axes
  2783 | D:4      | Noticed a scorpion
  2788 | D:4      | Killed a scorpion
  2789 | D:4      | Reached skill level 5 in Fighting
  2789 | D:4      | Reached XP level 5. HP: 48/48 MP: 4/4
  2990 | D:4      | Found a basalt altar of Yredelemnul.
  3069 | D:4      | Noticed an ogre
  3076 | D:4      | Killed an ogre
  3077 | D:4      | Reached skill level 7 in Axes
  3077 | D:4      | Reached XP level 6. HP: 56/56 MP: 5/5
  3400 | D:4      | Found a transporter.
  3405 | D:4      | Noticed Zanecoolhand's ghost (amateur GnWn)
  3423 | D:4      | Found a transporter.
  3478 | D:4      | Found a radiant altar of Vehumet.
  3479 | D:4      | Found a burning altar of Makhleb.
  3575 | D:4      | Found an ornate altar of the Wu Jian Council.
  3727 | D:5      | Entered Level 5 of the Dungeon
  3955 | D:5      | Reached skill level 8 in Axes
  3998 | D:5      | Reached XP level 7. HP: 58/63 MP: 6/6
  4450 | D:5      | Reached skill level 9 in Axes
  4613 | D:5      | Found a blossoming altar of Fedhas.
  5574 | D:6      | Reached XP level 8. HP: 73/73 MP: 7/7
  5576 | D:6      | Reached skill level 10 in Axes
  5576 | D:6      | Reached *** piety under Trog
  5603 | D:6      | Noticed Blork the orc
  5610 | D:6      | Killed Blork the orc
  5845 | D:6      | Reached skill level 11 in Axes
  6199 | D:6      | Found a shadowy altar of Dithmenos.
  6841 | D:7      | Reached skill level 12 in Axes
  6841 | D:7      | Reached XP level 9. HP: 64/82 MP: 8/8
  7218 | D:7      | Found a staircase to the Ecumenical Temple.
  7451 | D:7      | Found an opulent altar of Gozag.
  7465 | D:7      | Noticed Maggie
  7479 | D:7      | HP: 15/84 [Maggie/+0 glaive of pain (14)]
  7481 | D:7      | Killed Maggie
  7482 | D:7      | Reached skill level 13 in Axes
  7739 | D:7      | Noticed Harold
  7748 | D:7      | Killed Harold
  7749 | D:7      | Reached skill level 10 in Fighting
  7795 | D:7      | Found Qureuz's Book Shop.
  7929 | D:7      | Found a bloodstained altar of Trog.
  8077 | D:7      | Reached skill level 14 in Axes
  8355 | D:8      | Noticed a polar bear
  8365 | D:8      | HP: 27/86 [killer bee (8)]
  8370 | D:8      | HP: 27/86 [poisoned by a killer bee]
  8652 | D:8      | Noticed a polar bear
  8664 | D:8      | Reached XP level 10. HP: 83/94 MP: 9/9
  9110 | D:7      | Identified a scroll of acquirement
  9110 | D:7      | Acquired the amulet "Joew" {Faith rC+++ rN+++ Dex-2}
  9162 | D:8      | Noticed a two-headed ogre
  9325 | D:8      | Killed a two-headed ogre
  9326 | D:8      | Reached skill level 15 in Axes
 10128 | D:8      | Reached **** piety under Trog
 10977 | D:9      | Reached skill level 16 in Axes
 10978 | D:9      | Noticed a seven-headed hydra
 10980 | D:9      | Noticed a four-headed hydra
 11505 | D:9      | Noticed Psyche
 11513 | D:9      | Killed Psyche
 11625 | D:9      | HP: 25/100 [queen bee (9)]
 11627 | D:9      | HP: 12/100 [poisoned by a killer bee]
 11628 | D:9      | HP: 1/100 [queen bee (11)]
 12056 | D:9      | Reached XP level 11. HP: 107/107 MP: 10/10
 12067 | D:9      | Noticed a skeletal warrior
 12106 | D:9      | HP: 30/107 [gargoyle/stone arrow (19)]
 12599 | D:8      | Killed a skeletal warrior
 12829 | D:9      | Noticed a two-headed ogre
 12939 | D:9      | Paralysed by a hornet for 3 turns
 12940 | D:9      | HP: 36/110 [hornet (12)]
 12943 | D:9      | HP: 16/110 [hornet (7)]
 12943 | D:9      | HP: 6/110 [hornet (10)]
 12943 | D:9      | Paralysed by a hornet for 1 turns
 12954 | D:9      | Noticed an ettin
 12959 | D:9      | HP: 17/110 [ettin/+0 dire flail (8)]
 12959 | D:9      | Slain by an ettin

Illustrated notes

Levels and vault maps discovered:
D:1:      grunt_arrival_crossed_arrows, layout_basic,
          chequers_ecumenical_altar_island
D:2:      layout_basic
D:3:      layout_loops_ring, serial_shops, nicolae_shop_bloodbath_and_beyond,
          st_stairs_11, columned_hall_lemuel
D:4:      layout_loops_ring, grunt_temple_overflow_lords_of_destruction,
          mainiacjoe_overflow_large_starburst, gammafunk_ghost_mausoleum
D:5:      layout_loops_ring, mainiacjoe_overflow_small_starburst
D:6:      layout_basic, nicolae_overflow_hidden_temple, hex_tiny,
          abandoned_shop, kennysheep_generic_room_5, uniq_blork_the_orc
D:7:      layout_loops_ring, mainiacjoe_overflow_boulevard,
          trog_three_pillars_becter, minmay_temple_entry_mini_moons,
          serial_shops, nicolae_diamond_shop, uniq_maggie, uniq_harold
D:8:      layout_loops_ring, serial_ice, serial_ice_a, serial_ice_k,
          serial_ice_b, serial_ice_d, serial_ice_m, serial_ice_c, serial_ice_h,
          serial_ice_f, serial_ice_o, serial_ice_g, special_room
          [special_room_orc], minmay_three_doors
D:9:      kennysheep_ambush_hall, layout_loops_ring,
          regret_index_temple_of_mockery, special_room [special_room_bee],
          minivault_25_ag, minivault_28, uniq_psyche

Skill      XL: |  1  2  3  4  5  6  7  8  9 10 11 |
---------------+----------------------------------+-----
Axes           | 4 5 6 7 8 9 12 14 16 | 16.0
Fighting       | 4 5 6 7 8 10 13 14 | 14.2
Armour         | |  2.4
Dodging        | |  2.1

Action                   |  1- 3 |  4- 6 |  7- 9 | 10-12 || total
-------------------------+-------+-------+-------+-------++-------
Melee: Hand axe          |    73 |   100 |    33 |       ||   206
       Headbutt          |    12 |    13 |    48 |    37 ||   110
       Punch             |     3 |     1 |     2 |     4 ||    10
       War axe           |       |       |   165 |   260 ||   425
Throw: Boomerang         |       |       |       |     3 ||     3
       Throwing net      |       |       |       |     1 ||     1
Invok: Berserk           |       |     2 |     4 |     7 ||    13
       Trog's Hand       |       |       |     4 |     5 ||     9
       Brothers in Arms  |       |       |       |     1 ||     1
Evoke: Wand              |       |       |       |     3 ||     3
  Use: Scroll            |       |       |       |    14 ||    14
       Potion            |       |       |       |     2 ||     2
 Stab: Sleeping          |       |     1 |       |       ||     1
Armor: Animal skin       |     9 |    14 |       |       ||    23
       Ring mail         |       |     9 |    85 |    94 ||   188
Dodge: Dodged            |    49 |    47 |   102 |   139 ||   337
